 Dungeon Crawl Stone Soup version 0.32-a0-886-g41c5271 (webtiles) character file.

Game seed: 13630838006550280670

2781 qwery the Fighter (level 9, -1/74 HPs)
             Began as a Mummy Fighter on Apr 2, 2024.
             Was a Follower of Wu Jian.
             Killed by divine providence
             ... invoked by an orc priest
              (11 damage)
             ... on level 8 of the Dungeon.
             The game lasted 00:25:19 (8533 turns).

qwery the Fighter (Mummy Fighter)                   Turns: 8533, Time: 00:25:20

Health: -1/74      AC: 12    Str: 23    XL:     9   Next: 43%
Magic:  9/9        EV:  8    Int:  8    God:    Wu Jian [*.....]
Gold:   267        SH:  4    Dex: 13    Spells: 8/8 levels left

rFire   x .          .
                       - Unarmed
rCold   + + .        b - +0 buckler
rNeg    + + +        k - +1 scale mail {Will+}
rPois   ∞            n - +0 helmet
rElec   .            (no cloak)
rCorr   .            s - +2 pair of gloves "Kauc" {Rampage Dex+2}
SInv    .            x - +0 pair of boots
Will    ++...        (no amulet) Stlth
                     a - ring of flight
HPRegen 0.32/turn    m - ring of protection from cold
MPRegen 0.11/turn

%: rampage, faith
@: about to teleport, flying
A: cold resistance 1, negative energy resistance 3, torment resistance 2, heat
vulnerability 1, in touch with death 1, no potions, faith
a: Renounce Religion


You were on level 8 of the Dungeon.
You worshipped Wu Jian.
Wu Jian was aware of your devotion.
You visited 2 branches of the dungeon, and saw 9 of its levels.

You collected 415 gold pieces.
You spent 148 gold pieces at shops.

Inventory:

Hand Weapons
 e - a +0 short sword
 i - a +0 sling
 j - a +0 flail of protection
 l - a +2 whip of flaming
 B - a +0 short sword of venom
Missiles
 d - 4 darts of dispersal
 f - 28 stones
Armour
 b - a +0 buckler (worn)
 k - a +1 scale mail of willpower (worn)
 n - a +0 helmet (worn)
 s - the +2 pair of gloves "Kauc" (worn) {Rampage Dex+2}
   (You found it on level 5 of the Dungeon)

   Dex+2:     It affects your dexterity (+2).
   Rampage:   It bestows one free step when moving towards enemies.
 x - a +0 pair of boots (worn)
Jewellery
 a - a ring of flight (left hand)
 m - a ring of protection from cold (right hand)
 q - a ring of protection from cold
Wands
 r - a wand of flame (25)
 v - a wand of polymorph (11) (quivered)
Scrolls
 g - 2 scrolls of enchant weapon
 h - a scroll of torment
 o - 4 scrolls of teleportation {!r}
 p - 2 scrolls of enchant armour
 t - a scroll of amnesia
 u - 2 scrolls of fear {!r}
 w - a scroll of poison
 y - 2 scrolls of blinking
 z - a scroll of noise
 A - a scroll of revelation {!r}
 C - 2 scrolls of vulnerability


   Skills:
 - Level 8.0 Fighting
 - Level 2.0 Throwing
 - Level 2.4 Armour
 + Level 3.7 Shields
 + Level 7.7 Unarmed Combat
 - Level 3.0 Evocations


You had 8 spell levels left.
You didn't know any spells.
Your spell library contained the following spells:

 Spells                   Type           Power      Damage    Failure   Level
 Necrotise                Necr           0%         1d4       80%         1
 Confusing Touch          Hex            0%         N/A       99%         3
 Inner Flame              Hex/Fire       0%         N/A       99%         3
 Mephitic Cloud           Conj/Alch/Air  0%         N/A       99%         3
 Vampiric Draining        Necr           0%         2d6       99%         3
 Martyr's Knell           Necr/Summ      0%         N/A       100%        4
 Curse of Agony           Necr           0%         N/A       100%        5
 Chain Lightning          Conj/Air       0%         N/A       100%        9


Dungeon Overview and Level Annotations

Branches:
Dungeon (8/15)             Temple (1/1) D:4
   Lair: D:8-11

Altars:
Ashenzari
Dithmenos
Fedhas
Gozag
Hepliaklqana
Kikubaaqudgha
Makhleb
Nemelex Xobeh
Qazlal
Sif Muna
Trog
Uskayaw
Vehumet
Wu Jian
Xom
Yredelemnul

Shops:
D:3 ?   D:7 *

Annotations:
D:3 2 transporters, Lovepenguin's ghost, amateur VSMo; Terence
D:8 Jeremiah


Innate Abilities, Weirdness & Mutations

You are immune to poison.
Your flesh is cold resistant. (rC+)
You are immune to negative energy. (rN+++)
You are immune to unholy pain and torment.
You are vulnerable to heat. (rF-)
You are in touch with the powers of death.
You do not drink.
You have a special connection with the divine. (Faith)


Message History

You block the lemure's attack.
Your +0 short sword of venom stops dripping with poison.
You are now empty-handed.
The lemure closely misses you.
You punch the lemure!
You kill the lemure!
That felt strangely unrewarding.
The butterfly disappears in a burst of colours!
You spin and attack the butterfly.
You closely miss the butterfly.
You spin and attack the orc.
You completely miss the orc.
You spin and attack the butterfly.
You punch the butterfly!
You kill the butterfly!
The butterfly disappears in a burst of colours! x2
The orc hits you with a +0 club.
You take 1 damage, and have 37/74 hp.
You barely miss the orc.
The butterfly disappears in a burst of colours! x2
Jeremiah throws their arms up pleadingly.
Something smites you! The orc closely misses you. x2
An orc priest comes into view. It is wielding a +0 short sword.
You take 11 damage, and have 26/74 hp.
Unknown command.
Unknown command.
As you read the scroll of teleportation {!r}, it crumbles to dust.
You feel strangely unstable.
The orc priest shouts!
The butterfly disappears in a burst of colours!
The orc hits you with a +0 mace. The orc barely misses you.
You block the orc's attack.
You take 3 damage, and have 23/74 hp.
You rampage towards the butterfly!
You spin and attack the orc.
You punch the orc!
You kill the orc!
The Council accepts your kill.
The butterfly disappears in a burst of colours!
Jeremiah cries, "Fearful master, protect me!"
Something smites you!
* * * LOW HITPOINT WARNING * * *
The orc priest calls down the wrath of Beogh upon you.
Beogh smites you!
You die...

##....).....................)).
#........b.F..................
#........bbbb.......#.........
#..######.....bb..............
##.## #...b.b..##........###
#..# #.........>...###..# #
##.## #....b....#.#####..###
#..####..o..b...#.# #......
##...o..oo.@....#.####......
#....##......b.......#......
#..##..######.........#...#..
....# ##.# ##..............#..
..... .####...............#..
..### ..........b............
.. ...####.#.......##..#.. ...#
#..#.......##.....
#####......###....


You could see Jeremiah (very poisoned), an orc priest and 3 orcs.

Vanquished Creatures
  A hornet (D:8)
  Grinder (D:2)
  An acid dragon (D:7)
  An orc warrior (D:7)
  2 ice beasts
  A sky beast (D:7)
  3 black bears
  A phantom (D:3)
  3 lemures (D:8)
  Blork the orc (D:5)
  4 scorpions
  5 bullfrogs
  A water moccasin zombie (D:4)
  3 wights (D:6)
  3 electric eels
  2 jellies
  2 bombardier beetles
  A gnoll bouda (D:7)
  A hound (D:5)
  2 iguanas
  2 orc wizards
  2 sleepcaps (D:5)
  3 gnolls
  9 adders
  4 shadow imps
  3 white imps
  6 ufetubi (D:7)
  4 adder zombies (D:4)
  A dart slug (D:2)
  18 orcs
  3 endoplasms
  3 giant cockroaches
  5 goblins
  5 hobgoblins
  4 jackals (D:3)
  3 kobolds
  5 quokkas
  2 ball pythons (D:2)
  6 bats
  3 frilled lizards
  3 rats
133 creatures vanquished.

Notes
Turn   | Place    | Note
-------+----------+-------------------------------------------
     0 | D:1      | qwery the Mummy Fighter began the quest for the Orb.
     0 | D:1      | Reached XP level 1. HP: 18/18 MP: 1/1
    44 | D:1      | Found a faded altar of an unknown god.
   625 | D:2      | Reached XP level 2. HP: 24/24 MP: 2/2
  1027 | D:2      | Got the Papyrus of Fulgent Curses
  1062 | D:2      | Reached XP level 3. HP: 26/29 MP: 3/3
  1261 | D:2      | Reached skill level 1 in Throwing
  1804 | D:3      | Found Yhisiw's Magic Scroll Shoppe.
  1818 | D:3      | Bought a scroll of teleportation for 33 gold pieces
  2075 | D:3      | Noticed Grinder
  2076 | D:3      | Paralysed by Grinder for 3 turns
  2091 | D:3      | Paralysed by Grinder for 4 turns
  2107 | D:2      | Paralysed by Grinder for 3 turns
  2295 | D:3      | Noticed Terence
  2319 | D:2      | Paralysed by Grinder for 3 turns
  2331 | D:2      | Paralysed by Grinder for 3 turns
  2355 | D:2      | Paralysed by Grinder for 2 turns
  2383 | D:2      | Paralysed by Grinder for 5 turns
  2389 | D:2      | Killed Grinder
  2390 | D:2      | Reached XP level 4. HP: 4/35 MP: 4/4
  2390 | D:2      | Reached XP level 5. HP: 5/41 MP: 5/5
  2788 | D:3      | Found a transporter.
  2789 | D:3      | Noticed Lovepenguin's ghost (amateur VSMo)
  2789 | D:3      | Noticed an ogre
  2790 | D:3      | Noticed an ogre
  2795 | D:3      | Found a transporter.
  3007 | D:4      | Found a staircase to the Ecumenical Temple.
  3017 | D:4      | Found a basalt altar of Yredelemnul.
  3060 | D:5      | Entered Level 5 of the Dungeon
  3060 | D:5      | Noticed Blork the orc
  3084 | D:4      | Noticed a black bear
  3086 | D:4      | Noticed a phantom
  3182 | D:4      | Reached XP level 6. HP: 40/47 MP: 6/6
  3244 | D:4      | Found a hide-covered altar of Uskayaw.
  3401 | D:4      | Found a shimmering altar of Xom.
  3533 | D:3      | Reached skill level 4 in Fighting
  3694 | D:4      | Reached skill level 5 in Unarmed Combat
  3694 | D:4      | Reached XP level 7. HP: 30/55 MP: 7/7
  4301 | D:5      | Reached skill level 5 in Fighting
  4348 | D:3      | Bought a scroll of teleportation for 33 gold pieces
  4348 | D:3      | Bought a scroll of enchant armour for 82 gold pieces
  4575 | D:5      | Found a shimmering blue altar of Sif Muna.
  4626 | D:5      | Killed Blork the orc
  4688 | D:5      | Identified the +2 pair of gloves "Kauc" {Rampage Dex+2}
  4909 | D:5      | Reached skill level 6 in Fighting
  4909 | D:5      | Reached XP level 8. HP: 56/64 MP: 8/8
  6008 | Temple   | Entered the Ecumenical Temple
  6061 | D:6      | You are sucked into a shaft and drop 2 floors!
  6331 | D:7      | Reached skill level 1 in Evocations
  6496 | D:6      | Found an ornate altar of the Wu Jian Council.
  6515 | D:6      | Became a worshipper of the Wu Jian Council
  6805 | D:6      | Reached skill level 7 in Fighting
  6975 | D:6      | Found an opulent altar of Gozag.
  6977 | D:6      | Found a blossoming altar of Fedhas.
  7171 | D:7      | Found a stormy altar of Qazlal.
  7298 | D:7      | Found a broken altar of Ashenzari.
  7337 | D:7      | Reached XP level 9. HP: 65/72 MP: 9/9
  7450 | D:7      | Reached * piety under Wu Jian
  7463 | D:7      | Found a burning altar of Makhleb.
  7666 | D:7      | Found Ilass's General Store.
  7887 | D:8      | Reached skill level 8 in Fighting
  8494 | D:8      | Noticed Jeremiah
  8533 | D:8      | Killed from afar by an orc priest

Illustrated notes

Levels and vault maps discovered:
D:1:      lemuel_arrival_funnel, layout_loops_ring,
          hellmonk_ecumenical_altar_heavens_door, item_on_display_a
D:2:      layout_basic, solitary_fountain, amcnicky_mini_corridor_feature
D:3:      layout_loops_ring, nicolae_elyvilon_temple_path,
          gammafunk_ghost_smash, serial_shops, shop, uniq_grinder, uniq_terence
D:4:      layout_gridville, xom_confusion_cloud, nicolae_uskayaw_dance_hall,
          nicolae_yredelemnul_corpse_copse, minmay_temple_entry_from_below_a
D:5:      layout_cave_pods, mainiacjoe_overflow_boulevard, lemuel_round_altar,
          small_statue_intersection, uniq_blork_the_orc
D:6:      layout_gridville, nicolae_overflow_squiral, kennysheep_mini_moat
D:7:      layout_gridville, lemuel_round_altar,
          nicolae_qazlal_general_emergency, mainiacjoe_overflow_tiny_flanked,
          serial_shops, shop
D:8:      layout_rooms, lemuel_doored_altar, nicolae_ru_path_of_blood,
          serial_bayou, serial_bayou_ford_a, serial_bayou_crossing,
          serial_bayou_pond_c, serial_bayou_shore_b, uniq_jeremiah, uniq_pikel
Temple:   hellmonk_temple_beads

Skill      XL: |  1  2  3  4  5  6  7  8  9 |
---------------+----------------------------+-----
Unarmed Combat | 2 4 5 6 7 |  7.7
Throwing       | 2 |  2.0
Fighting       | 4 6 7 8 |  8.0
Evocations     | 2 3 |  3.0
Shields        | 3 |  3.7
Armour         | |  2.4

Action                     |  1- 3 |  4- 6 |  7- 9 || total
---------------------------+-------+-------+-------++-------
  Melee: Unarmed           |   207 |   146 |   453 ||   806
         Short sword       |       |       |     4 ||     4
   Fire: Sling             |     8 |       |       ||     8
  Throw: Stone             |       |     9 |     5 ||    14
Ability: Lunge             |       |       |    14 ||    14
         Whirlwind         |       |       |     8 ||     8
  Evoke: Wand              |       |       |     9 ||     9
    Use: Scroll            |     2 |     1 |     8 ||    11
 Armour: Scale mail        |   116 |   116 |   314 ||   546
         Chain mail        |    56 |       |       ||    56
  Dodge: Dodged            |    87 |    45 |   183 ||   315
  Block: Buckler           |    34 |    34 |    78 ||   146

Table legend: (Time is in decaauts)
 A = Elapsed time spent in this place.
 B = Non-inter-level travel time spent in this place.
 C = Inter-level travel time spent in this place.
 D = Time resting spent in this place.
 E = Time spent auto-exploring this place.
 F = Levels seen in this place.
 G = Mean time per level.
                   A        B        C        D        E       F      G
               +--------+--------+--------+--------+--------+-----+--------+
         Total |   8501 |   7990 |    511 |   1530 |   4496 |   9 |  944.6 |
       Dungeon |   8499 |   7988 |    511 |   1530 |   4496 |   8 | 1062.4 |
        Temple |      1 |      1 |      0 |      0 |      0 |   1 |    1.0 |
               +--------+--------+--------+--------+--------+-----+--------+

Top non-repeatable levels by time:
     D:5: 1492 daAuts
     D:4: 1472 daAuts
     D:2: 1421 daAuts
     D:3: 1043 daAuts
     D:7: 934 daAuts
     D:6: 778 daAuts
     D:8: 754 daAuts
     D:1: 602 daAuts
  Temple: 1 daAuts
